 Dungeon Crawl Stone Soup version 0.28-a0-948-gee6e0bcda6 (webtiles) character file.

Game seed: 2898282910068577696

339 ndbw the Vexing (level 6, 0/28 HPs)
             Began as a Spriggan Enchanter on Nov 30, 2021.
             Slain by a killer bee (6 damage)
             ... on level 4 of the Dungeon.
             The game lasted 00:07:33 (4073 turns).

ndbw the Vexing (Spriggan Enchanter)                Turns: 4073, Time: 00:07:34

Health: 0/28       AC:  6    Str:  6    XL:     6   Next: 29%
Magic:  0/15       EV: 17    Int: 16    God:
Gold:   108        SH:  0    Dex: 16    Spells: 8/16 levels left

rFire   . . .      SeeInvis +   e - +2 dagger (drain)
rCold   . . .      Faith    .   (shield restricted)
rNeg    . . .      Spirit   .   b - +0 robe
rPois   +          Reflect  .   h - +2 hat
rElec   .          Harm     .   j - +1 cloak
rCorr   .          Rampage  .   (gloves unavailable)
Will    +....                   (boots unavailable)
Stlth   +++.......              (no amulet)
HPRegen 0.09/turn               g - ring of poison resistance
MPRegen 0.14/turn               (no ring)

@: very quick
A: very small, no large weapons, unfitting armour, see invisible, speed 3
a: no special abilities


You were on level 4 of the Dungeon.
You visited 1 branch of the dungeon, and saw 4 of its levels.

You collected 138 gold pieces.
You spent 30 gold pieces at shops.

Inventory:

Hand Weapons
 a - a +1 vampiric dagger
 e - a +2 dagger of draining (weapon)
Armour
 b - a +0 robe (worn)
 h - a +2 hat (worn)
 j - a +1 cloak (worn)
Jewellery
 g - a ring of poison resistance (left hand)
Potions
 c - 3 potions of invisibility
 d - a potion of flight
 f - 4 potions of curing
 i - 2 potions of heal wounds
 k - a potion of brilliance {unknown}


   Skills:
 - Level 1.1 Short Blades
 - Level 2.6 Dodging
 + Level 5.7 Stealth
 + Level 5.7 Spellcasting
 + Level 6.2 Hexes


You had 8 spell levels left.
You knew the following spells:

 Your Spells              Type           Power      Damage    Failure   Level
a - Ensorcelled Hibernat  Hex/Ice        28%        N/A       6%          2
b - Tukima's Dance        Hex            24%        N/A       3%          3
c - Dazzling Flash        Conj/Hex       28%        N/A       12%         3

Your spell library contained the following spells:

 Spells                   Type           Power      Damage    Failure   Level
 Confusing Touch          Hex            24%        N/A       3%          3


Dungeon Overview and Level Annotations

Branches:
Dungeon (4/15)
 Temple: D:4-7

Altars:

Shops:
D:1 !


Innate Abilities, Weirdness & Mutations

You are very small and have problems with some larger weapons.
You are too small for most types of armour.
You have supernaturally acute eyesight. (SInv)
You cover ground extremely quickly. (Speed+++)


Message History

Casting: Ensorcelled Hibernation (safe; 6% risk of failure)
Confirm with . or Enter, or press ? or * to list all spells.
Aiming: Ensorcelled Hibernation (safe; 6% risk of failure)
Press: ? - help, Shift-Dir - straight line, f/p - killer bee
Aim: a killer bee (chance to affect: 53%)
The killer bee looks drowsy...
The helpless killer bee fails to defend itself.
You impale the killer bee!!
You kill the killer bee!
The killer bee stings you.
You are poisoned.
The killer bee poisons you!
Casting: Ensorcelled Hibernation (safe; 6% risk of failure)
Confirm with . or Enter, or press ? or * to list all spells.
Aiming: Ensorcelled Hibernation (safe; 6% risk of failure)
Press: ? - help, Shift-Dir - straight line, f - killer bee
Aim: a killer bee (chance to affect: 53%)
The killer bee resists with significant effort.
You feel sick. The killer bee completely misses you. The killer bee stings you.
Casting: Ensorcelled Hibernation (safe; 6% risk of failure)
Confirm with . or Enter, or press ? or * to list all spells.
You don't have enough magic to cast this spell.
Unknown command.
Casting: Ensorcelled Hibernation (safe; 6% risk of failure)
Confirm with . or Enter, or press ? or * to list all spells.
You don't have enough magic to cast this spell.
Unknown command.
You closely miss the killer bee.
You feel sick. The killer bee closely misses you.
The killer bee barely misses you.
You hit the killer bee but do no damage.
You feel sick. The killer bee completely misses you.
You closely miss the killer bee.
You feel sick. The killer bee closely misses you. The killer bee stings you.
* * * LOW HITPOINT WARNING * * *
You hit the killer bee.
The killer bee is lightly wounded.
You feel sick.
You are no longer poisoned.
The killer bee stings you.
You die...

#<.###.##..#
#..##..# ..#
#...#.## .#
##.#...# ..
#..#..## ..
#..#...#
........#
#....#.#
.......####
#..###y#
..........
#... #@#
.........
#.. #.#
........ #.
#.# #.......
#.. #.....>.
#.# #.<.....
#.# #.......
#.# ##......
### ##......
#.......


You could see a killer bee.

Vanquished Creatures
  3 killer bees (D:4)
  6 gnolls
  5 adders
  A worm (D:4)
  A dart slug (D:1)
  7 orcs
  4 ball pythons
  6 bats
  6 endoplasms
  2 giant cockroaches (D:1)
  6 goblins
  4 hobgoblins
  3 jackals (D:3)
  3 quokkas
  2 frilled lizards
  A kobold (D:1)
  17 rats
77 creatures vanquished.

Vanquished Creatures (collateral kills)
  2 gnolls (D:3)
2 creatures vanquished.

Grand Total: 79 creatures vanquished

Notes
Turn   | Place    | Note
-------+----------+-------------------------------------------
     0 | D:1      | ndbw the Spriggan Enchanter began the quest for the Orb.
     0 | D:1      | Reached XP level 1. HP: 9/9 MP: 5/5
   552 | D:1      | Reached skill level 4 in Hexes
   559 | D:1      | Reached XP level 2. HP: 13/13 MP: 7/7
   562 | D:1      | Learned a level 2 spell: Ensorcelled Hibernation
  1175 | D:1      | Found Qyuveut's Distillery.
  1186 | D:1      | Reached XP level 3. HP: 16/16 MP: 9/9
  1190 | D:1      | Learned a level 3 spell: Tukima's Dance
  1194 | D:1      | Learned a level 3 spell: Dazzling Flash
  1198 | D:1      | Bought a potion of curing for 30 gold pieces
  1398 | D:1      | Found a faded altar of an unknown god.
  2202 | D:3      | Reached XP level 4. HP: 21/21 MP: 11/11
  2216 | D:2      | Reached skill level 5 in Hexes
  2757 | D:3      | Reached skill level 5 in Spellcasting
  2757 | D:3      | Reached XP level 5. HP: 11/24 MP: 4/13
  4062 | D:4      | Reached skill level 5 in Stealth
  4062 | D:4      | Reached skill level 6 in Hexes
  4065 | D:4      | Reached XP level 6. HP: 28/28 MP: 7/15
  4073 | D:4      | Slain by a killer bee

Illustrated notes

Levels and vault maps discovered:
D:1:      kennysheep_arrival_forest, layout_rooms, serial_shops, shop,
          shapermc_ecumenical_altar_mp_vishouse, minmay_rat_gold_closets
D:2:      layout_loops_cross
D:3:      layout_rooms
D:4:      layout_rooms, bh_walls_and_bars

Skill      XL: |  1  2  3  4  5 |
---------------+----------------+-----
Spellcasting   | 3 4 5 |  5.7
Hexes          | 4 5 6 |  6.2
Stealth        | 5 |  5.7
Short Blades   | |  1.1
Dodging        | |  2.6

Action                   |  1- 3 |  4- 6 || total
-------------------------+-------+-------++-------
Melee: Dagger            |    97 |   115 ||   212
 Cast: Ensorcelled Hiber |     2 |    19 ||    21
       Tukima's Dance    |       |     5 ||     5
  Use: Scroll            |     6 |     4 ||    10
       Potion            |       |     2 ||     2
 Stab: Sleeping          |    16 |    14 ||    30
       Distracted        |       |     1 ||     1
Armor: Robe              |     7 |    10 ||    17
Dodge: Dodged            |    43 |    93 ||   136

Table legend: (Time is in decaauts)
 A = Elapsed time spent in this place.
 B = Non-inter-level travel time spent in this place.
 C = Inter-level travel time spent in this place.
 D = Time resting spent in this place.
 E = Time spent auto-exploring this place.
 F = Levels seen in this place.
 G = Mean time per level.
                   A        B        C        D        E       F      G
               +--------+--------+--------+--------+--------+-----+--------+
         Total |   3302 |   3251 |     51 |    669 |   2016 |   4 |  825.5 |
       Dungeon |   3302 |   3251 |     51 |    669 |   2016 |   4 |  825.5 |
               +--------+--------+--------+--------+--------+-----+--------+

Top non-repeatable levels by time:
     D:3: 1317 daAuts
     D:1: 1278 daAuts
     D:2: 548 daAuts
     D:4: 158 daAuts
